[Event "*** Titled Tuesday Blitz"]
[Site "Chess.com"]
[Date "2021.03.30"]
[Round "4"]
[White "SilviusTiberius"]
[Black "mishanick"]
[Result "0-1"]
[WhiteElo "2559"]
[BlackElo "2966"]
[TimeControl "180+1"]
[EndTime "10:40:37 PDT"]
[Termination "mishanick won by resignation"]

1. e4 c5 2. Nf3 d6 3. d4 cxd4 4.
Nxd4 Nf6 5. Nc3 a6 6. f3 e5 7. Nb3 Be6 8. Be3 Nbd7 9. g4 Be7 10.
Qd2 b5 11. g5 Nh5 12. a4 b4 13. Nd5 Bxd5 14. Qxd5 O-O 15. Qd2 a5 16. Rg1 Nb6 17. Qf2 Nd7 18. O-O-O Qc7 19. Bb5 Rfc8 20. Kb1 Nf8 21.
Bb6 Qb8 22. Bxa5 Ne6 23. Bxb4 Rxa4 24. Bxa4 Qxb4 25. Bd7 Ra8 26. Bxe6 fxe6 27. h4 Nf4 28. Qe3 Qa4 29. Rgf1 Qa2+ 30. Kc1 Rc8 31. Rf2 Rc6 32. Rfd2 Ra6 33. Rd3 d5 34. exd5 Bb4 35. c4 Ba3 36. bxa3 Qxa3+ 37. Kd2 Qb2+ 38. Ke1 Ng2+ 39. Kf1 Nxe3+ 40.
Rxe3 exd5 41. cxd5 Ra2 42. Rd2 Qb1+ 43. Ke2 Rxd2+ 44. Nxd2 Qb5+ 45. Rd3 Kf7 46. d6 Ke8 47.
d7+ Kd8 48. Ne4 Qb2+ 49. Ke3 Qc1+ 50. Rd2 Qe1+ 51. Kd3 Kxd7 52. Kc4+ Ke6 53. Rd6+ Kf5 54. Kd5 Qd1+ 55. Kc6 Qa4+ 56. Kc7 Kf4 57. Nc5 Qa5+ 58. Kc6 Kxf3 59. Rd3+ Kg4 60. Rd5 Kxh4 61. Rxe5 Qa8+ 62. Kd6 Qf8+ 63. Kd5 Qf7+ 64. Kd4 Kg4 65. Ne4 Qa7+ 66. Rc5 Kf4 67. Kd5 Qf7+ 68. Kd4 Qd7+ 69. Rd5 Qa4+ 70. Kc5 Qxe4 71. g6 Qxg6 72. Rd4+ Qe4 0-1

[Event "*** Titled Tuesday Blitz"]
[Site "Chess.com"]
[Date "2021.03.30"]
[Round "4"]
[White "karinachess1"]
[Black "serhanberat_ozdemir"]
[Result "0-1"]
[WhiteElo "2489"]
[BlackElo "2682"]
[TimeControl "180+1"]
[EndTime "10:40:38 PDT"]
[Termination "serhanberat_ozdemir won on time"]

1. c4 Nf6 2. Nf3 g6 3. g3 Bg7 4.
Bg2 O-O 5. O-O d6 6. d4 c6 7.
Nc3 Qa5 8. e4 Qh5 9. Ng5 Qxd1 10. Rxd1 e5 11. Nf3 Re8 12. dxe5 dxe5 13. h3 Be6 14. b3 Nbd7 15. Be3 h6 16. Rd2 Bf8 17.
a3 Kg7 18. Rdd1 a5 19. Bf1 Bc5 20. Bxc5 Nxc5 21. b4 axb4 22. axb4 Ncxe4 23. Nxe4 Nxe4 24. Rxa8 Rxa8 25. Nxe5 Ra2 26. Nd3 Bxc4 27. Nc1 Rc2 28. Bd3 Bxd3 29. Nxd3 Nc3 30. Re1 Re2 31. Ra1 Rd2 32.
Nc5 b6 33. Nb3 Rb2 34. Nd4 c5 35. bxc5 bxc5 36. Nc6 Ne4 37. Rf1 c4 38. Nd4 c3 39.
Rc1 Rxf2 40. Re1 Rd2 41. Rxe4 c2 42. Nxc2 Rxc2 43. h4 Rc3 44. Kg2 h5 45. Ra4 Rc6 46.
Kh3 Re6 47. Rc4 Kf6 48. Rb4 Re5 49. Rf4+ Rf5 50. Rb4 Rd5 51. Rb6+ Kf5 52. Rb7 f6 53. Rb2 Ke5 54. Re2+ Kd6 55. Rf2 Ke6 56. Re2+ Re5 57. Rf2 Re3 58. Rf4 Rb3 59. Rc4 Ke5 60. Rc5+ Ke4 61. Rc4+ Kf3 62. Rf4+ Ke3 63. Rxf6 Rb1 64. Rxg6 Kf2 65. Rf6+ Kg1 66. g4 Rb3+ 0-1

[Event "*** Titled Tuesday Blitz"]
[Site "Chess.com"]
[Date "2021.03.30"]
[Round "4"]
[White "profofchess"]
[Black "TioCridineno"]
[Result "1/2-1/2"]
[WhiteElo "2444"]
[BlackElo "2276"]
[TimeControl "180+1"]
[EndTime "10:40:38 PDT"]
[Termination "Game drawn - insufficient material"]

1. e4 c5 2. Nf3 d6 3. d4 cxd4 4. Qxd4 a6 5. Be2 h6 6. O-O e5 7. Qe3 Nf6 8. h3 Be7 9. Rd1 Qc7 10. c4 O-O 11. Nc3 Be6 12. b3 Nbd7 13. Ba3 Rfd8 14. Rac1 Rac8 15. Rc2 Qb8 16. Rdc1 b6 17. Nd5 Bxd5 18.
cxd5 b5 19. Bb4 Rxc2 20. Rxc2 Rc8 21. Qc1 Rxc2 22. Qxc2 Qb6 23. Qc6 Nxe4 24. Qxb6 Nxb6 25. Nxe5 Nxd5 26. Nc6 Bf8 27. Be1 g6 28. Bf1 Bg7 29.
a4 bxa4 30. bxa4 Nec3 31. a5 Nc7 32. Nb8 d5 33. Nxa6 Nxa6 34. Bxa6 d4 35. Bd3 Be5 36. a6 Bb8 37. f4 Kg7 38. Bf2 Ba7 39. g4 Nd5 40. f5 Nb4 41. Bc4 Nc2 42. Bd3 Ne3 43. fxg6 fxg6 44. Bg3 Kf6 45. Kf2 g5 46. Ke2 Nd5 47. Kd2 Nf4 48. Bf2 Nxh3 49. Bg3 Nf4 50. Bc4 Ke5 51. Kc2 Ke4 52. Kb3 Ke3 53. Be1 d3 54. Ba5 d2 55. Kc2 Ne2 56. Bxd2+ Kf2 57.
Bxe2 Kxe2 58. Bc3 Kf3 59. Bg7 Kxg4 60. Bxh6 Kh4 61. Bf8 g4 62. Bd6 Kh3 63. Bf4 Kg2 64. Be5 Kf3 65. Bd6 Kf2 66. Bc7 Kf3 67. Kc3 Bf2 68.
Kc4 Be3 69. Kb5 g3 70. Bxg3 Kxg3 71. Kc6 Kf2 72. Kb7 Ke2 73. a7 Bxa7 1/2-1/2

[Event "*** Titled Tuesday Blitz"]
[Site "Chess.com"]
[Date "2021.03.30"]
[Round "4"]
[White "KNCP_719"]
[Black "Mihnea2017"]
[Result "1-0"]
[WhiteElo "2631"]
[BlackElo "2465"]
[TimeControl "180+1"]
[EndTime "10:40:42 PDT"]
[Termination "KNCP_719 won by resignation"]

1. e4 c6 2. c4 d5 3. cxd5 cxd5 4. exd5 Nf6 5. Qa4+ Nbd7 6. Nc3 a6 7. Nf3 g6 8. d4 Bg7 9. Bd3 O-O 10. O-O Nb6 11. Qa3 Nbxd5 12. Re1 b5 13. Bxb5 Bb7 14. Be2 Rc8 15.
Bg5 Qb6 16. Na4 Qa5 17. Nc5 Qxa3 18. bxa3 Rxc5 19. dxc5 Ne4 20. Rab1 Nxc5 21. Rec1 Nc3 22. Rxc3 Bxc3 23. Bxe7 Bxf3 24. Bxf8 Bxe2 25. Bxc5 Kg7 26. Rc1 Bf6 27. Bb4 Bd8 28. Re1 Bb5 29. Bc3+ f6 30. Rd1 Bb6 31. Rd6 Bc5 32. Rd2 Bxa3 33. h3 Kf7 34. Bb2 Bb4 35. Rc2 Bd6 36. Bc1 Ke6 37. Be3 g5 38. Rc8 h5 39. Rh8 h4 40. Ra8 Kd5 41. Rd8 Kc6 42. Rc8+ Kd5 43.
Rh8 Be5 44. Rd8+ Kc4 45. Rd2 a5 46. Rc2+ Kd3 47. Rd2+ Kc3 48. Rd1 a4 49. Rc1+ Kb2 50. Rc5 Bd7 51. Rc7 Be6 52. Ra7 a3 53. Bc5 Kxa2 54.
Bxa3 Kb3 55. Be7 Kc4 56. Ra6 Kd5 57. Ra5+ Ke4 58. Ra6 Kf5 59. Bd6 Bd4 60. Ra5+ Ke4 61. Ra4 Kd5 62. Be7 Be5 63. Bd8 Bf7 64. Ra5+ Ke6 65. Ra6+ Kf5 66. Ra7 Be6 67. Bc7 Bd4 68. Ra4 Bc3 69. Ra3 Bb2 70. Rf3+ Kg6 71. Bd8 Be5 72.
Re3 Bd4 73. Rxe6 1-0

[Event "*** Titled Tuesday Blitz"]
[Site "Chess.com"]
[Date "2021.03.30"]
[Round "4"]
[White "petincash"]
[Black "ljuks68"]
[Result "0-1"]
[WhiteElo "2293"]
[BlackElo "2479"]
[TimeControl "180+1"]
[EndTime "10:40:42 PDT"]
[Termination "ljuks68 won on time"]

1. e4 e6 2. d4 d5 3. Nc3 Bb4 4. exd5 exd5 5. Bd3 Nf6 6. Ne2 O-O 7. O-O Bg4 8. f3 Bh5 9. Nf4 Bg6 10. Nxg6 hxg6 11. Ne2 c6 12. c3 Bd6 13. Qb3 Qc7 14. g3 Nbd7 15. Bf4 Rfe8 16. Bxd6 Qxd6 17. Rae1 b5 18.
Nf4 g5 19. Ng2 Nb6 20. Qd1 Nc4 21. Qc1 g4 22. fxg4 Nxg4 23. b3 Nb6 24. Qg5 Nf6 25.
Nh4 Ne4 26. Bxe4 dxe4 27. Nf5 Qg6 28. Qxg6 fxg6 29. Nd6 Re6 30. Nb7 Nd7 31. Rf4 Rae8 32. Kf2 R6e7 33. Nd6 Rd8 34. Rexe4 Rxe4 35. Nxe4 Re8 36. Nd6 Re6 37. Nb7 g5 38. Rf3 g4 39.
Re3 Rf6+ 40. Kg2 Kf8 41. Nd8 Rd6 42. Ne6+ Kf7 43. Ng5+ Kg6 44. Ne4 Re6 45. Kf2 Re8 46. Nd6 Rf8+ 47. Kg2 Nf6 48. Re6 Kh7 49. Ne4 Nd5 50.
Ng5+ Kg8 51. c4 bxc4 52. bxc4 Nb6 53. Rxc6 Rd8 54. d5 Re8 55. h3 Kf8 56. hxg4 Re2+ 57. Kf3 Rxa2 58. Rc7 Ra3+ 59. Kf4 Rc3 60. Ne6+ Kg8 61.
Rxg7+ Kh8 62. Rc7 Kg8 63. Ke5 Rxc4 64. Rxa7 Rxg4 65. Rb7 Nc4+ 66. Kf6 Rxg3 0-1

[Event "*** Titled Tuesday Blitz"]
[Site "Chess.com"]
[Date "2021.03.30"]
[Round "4"]
[White "korkmaz16"]
[Black "Srisshhhtea"]
[Result "0-1"]
[WhiteElo "2488"]
[BlackElo "2344"]
[TimeControl "180+1"]
[EndTime "10:40:45 PDT"]
[Termination "Srisshhhtea won on time"]

1. e4 e6 2. d3 d5 3. Nd2 Bc5 4. Ngf3 Nf6 5. e5 Nfd7 6. d4 Bb6 7. Bd3 c5 8. c3 Nc6 9. O-O cxd4 10. cxd4 Nxd4 11. Nxd4 Bxd4 12. Nf3 Bb6 13. Bg5 Qc7 14. Rc1 Qb8 15. Re1 h6 16. Bh4 Bc7 17. Qc2 Ba5 18. Re2 O-O 19. Be7 b5 20. Qc6 a6 21. b4 Bd8 22. Bd6 Qb7 23. Nd4 Re8 24. Qxb7 Bxb7 25. Nc6 Bg5 26. Rc3 Rac8 27. Rec2 Nb6 28. Nd4 Rxc3 29.
Rxc3 Rc8 30. Rxc8+ Bxc8 31. Bc5 Nc4 32. g3 Nxe5 33. Bc2 Bd2 34. Kf1 Bc3 35. f4 Nc4 36.
Nc6 Bb7 37. Nd8 Bc8 38. Ke2 f6 39. Nc6 Kf7 40. Kd3 Be1 41. Bb3 Ke8 42. Nd4 Kd7 43.
Nf3 Nb2+ 44. Kc2 Na4 45. Nxe1 Nxc5 46. bxc5 Kc6 47. Nd3 e5 48. fxe5 Bf5 49. Kd2 Bxd3 50. Kxd3 fxe5 51. Ke3 Kxc5 52. g4 a5 53. Bc2 a4 54. a3 b4 55. Bxa4 bxa3 56. Bb3 d4+ 57.
Kd3 Kb4 58. Ba2 e4+ 59. Kxe4 Kc3 60. Kf3 d3 61. Ke3 d2 62. Ke2 Kc2 63. Bb3+ Kxb3 64. Kxd2 Kb2 0-1

[Event "*** Titled Tuesday Blitz"]
[Site "Chess.com"]
[Date "2021.03.30"]
[Round "4"]
[White "Nachsueb"]
[Black "Trickov"]
[Result "0-1"]
[WhiteElo "2160"]
[BlackElo "2411"]
[TimeControl "180+1"]
[EndTime "10:40:45 PDT"]
[Termination "Trickov won by checkmate"]

1. d4 d5 2. c4 c6 3. Nf3 Nf6 4. Nc3 dxc4 5. a4 Bf5 6. e3 e6 7. Bxc4 Bb4 8. O-O O-O 9. Nh4 Bg4 10. f3 Bh5 11. g4 Nd5 12. Ng2 Bg6 13. Bd2 a5 14. e4 Nb6 15. Bd3 Qxd4+ 16. Be3 Qd8 17. Qe2 N8d7 18. f4 f6 19. Rfd1 Qe7 20. Qf2 Bc5 21. f5 Bf7 22. h4 Bxe3 23. Nxe3 Ne5 24. Be2 Qb4 25. Rab1 Rad8 26. Nc2 Qb3 27. Na1 Qb4 28.
Nc2 Rxd1+ 29. Nxd1 Qb3 30. Na1 Qb4 31. Nc2 Qxa4 32.
fxe6 Bxe6 33. Nd4 Bxg4 34. b3 Qb4 35. Nc2 Qd2 36. Bxg4 Qxf2+ 37. Nxf2 Nxg4 38. Nxg4 Rd8 39. Nge3 Rd3 40. Kf2 Nd7 41. Ke2 Ne5 42. Ne1 Rd4 43. Nf5 Rxe4+ 44. Kf2 Rf4+ 45. Ke3 Rxf5 46. Ke4 Rh5 47.
Ng2 Ng6 48. Rd1 Re5+ 49. Kf3 Rd5 50. Re1 Kf7 51. Ra1 Rb5 52. Ra3 b6 53. Ne3 Nxh4+ 54. Ke4 Rb4+ 55. Kd3 g6 56. Nc2 Rg4 57. Ra1 Nf5 58. Re1 Rg3+ 59. Kd2 Rxb3 60. Rh1 h5 61. Re1 Rb5 62. Kd3 Rd5+ 63. Kc3 b5 64. Kb3 Rd3+ 65.
Kb2 Nd4 66. Ne3 a4 67. Ka2 b4 68. Nd1 Rd2+ 69. Kb1 a3 70. Ne3 a2+ 71. Ka1 Nb3# 0-1

[Event "*** Titled Tuesday Blitz"]
[Site "Chess.com"]
[Date "2021.03.30"]
[Round "4"]
[White "eldur16"]
[Black "eCztery"]
[Result "1/2-1/2"]
[WhiteElo "2586"]
[BlackElo "2383"]
[TimeControl "180+1"]
[EndTime "10:40:46 PDT"]
[Termination "Game drawn by repetition"]

1. Nf3 c5 2. g3 Nf6 3. Bg2 Nc6 4. O-O g6 5. b3 Bg7 6. Bb2 O-O 7. c4 Re8 8. d3 e5 9. Nc3 d6 10. Nd2 Be6 11. Nde4 Nxe4 12. dxe4 Bf8 13. e3 a6 14. Qd2 Rb8 15. Nd5 b5 16. Rac1 b4 17. f4 f6 18. Rf2 Bg7 19. Rcf1 Rf8 20.
h4 Bg4 21. Kh2 Qd7 22. f5 gxf5 23. exf5 h5 24. Bh3 Bxh3 25. Kxh3 Ne7 26. Nxe7+ Qxe7 27. Qd1 Qe8 28. Qxd6 Rd8 29. Qxa6 Qd7 30. Qb5 Qxb5 31.
cxb5 Rd3 32. e4 Rb8 33. Rc2 Rxb5 34. Bc1 Bf8 35. Re1 Rb7 36. Be3 Rg7 37. Kg2 Kh7 38.
Kf2 Rgd7 39. Ree2 Rc7 40. Red2 Rxd2+ 41. Rxd2 c4 42. bxc4 Rxc4 43. Rd7+ Kg8 44. Kf3 Rc3 45. Rd8 Kf7 46. Ke2 Rc2+ 47. Rd2 Rc3 48. Rb2 Ke8 49. Bf2 Rc4 50. Kd3 Rc3+ 51. Kd2 Rc4 52. Kd3 Rc3+ 53. Ke2 Rc4 54. Kf3 Rc3+ 55. Kg2 Kd7 56.
Kf1 Kc6 57. Rd2 Kb5 58. Ke2 Ka4 59. Rd8 Bc5 60. Ra8+ Kb5 61. Bxc5 Rxc5 62. Rf8 Rc2+ 63. Kd3 Rxa2 64. Rxf6 Ra3+ 65. Kc2 Rxg3 66. Re6 Kc4 67. Rxe5 Rg2+ 68. Kd1 b3 69. Re8 b2 70. Rb8 Kd3 71.
Rb3+ Kc4 72. Rb8 Kd3 73. Rb3+ Kc4 74. Rb8 1/2-1/2

[Event "*** Titled Tuesday Blitz"]
[Site "Chess.com"]
[Date "2021.03.30"]
[Round "4"]
[White "poneis_malditos"]
[Black "Grieve72"]
[Result "0-1"]
[WhiteElo "2295"]
[BlackElo "2477"]
[TimeControl "180+1"]
[EndTime "10:40:47 PDT"]
[Termination "Grieve72 won on time"]

1. e4 c5 2. Nc3 e6 3. d3 d5 4. exd5 exd5 5. g3 Nf6 6. Bg2 Nc6 7.
Nf3 Bg4 8. Ne2 d4 9. O-O Bd6 10. Bf4 O-O 11. h3 Bh5 12. g4 Bg6 13. Qd2 Nd5 14.
Bxd6 Qxd6 15. Nh4 Rfe8 16. Ng3 Nf4 17. Nhf5 Qc7 18. Rfe1 Nxg2 19. Kxg2 Ne5 20. f4 Qc6+ 21.
Ne4 Bxf5 22. gxf5 Nd7 23. Kh2 Nf6 24. Qg2 Kf8 25. Rg1 g6 26. Rae1 b6 27. fxg6 hxg6 28. f5 Nxe4 29. dxe4 Kg7 30. Qg5 Qf6 31. fxg6 Qxg5 32.
Rxg5 fxg6 33. Rd5 Re7 34. e5 Rae8 35. e6 Rxe6 36. Rd7+ Kf6 37. Rxe6+ Rxe6 38. Rxa7 Re2+ 39. Kg3 Rxc2 40. b3 Ke5 41. Kf3 Rc3+ 42. Ke2 Rxh3 43. Rb7 Rh2+ 44. Kd3 Rxa2 45. Rxb6 Rh2 46. Rxg6 Rh3+ 47.
Kc2 Kd5 48. Rg5+ Kc6 49. Rg8 Rh2+ 50. Kd3 Rh3+ 51. Kc2 Rc3+ 52. Kb2 Kd5 53. Re8 Re3 54. Rc8 Rg3 55. Kc2 Rc3+ 56. Kb2 Rh3 57. Kc2 Rh2+ 58. Kd3 Rh3+ 59. Kc2 Kd6 60. Rd8+ Kc6 61. Rc8+ Kb5 62. Rb8+ Kc6 63. Rc8+ Kd6 64. Rd8+ Ke5 65. Rc8 Kd5 66. Rd8+ Ke4 67. Rc8 Rh2+ 68. Kb1 d3 69. Rxc5 Rh1+ 70.
Kb2 d2 71. Rc4+ Ke5 0-1

[Event "*** Titled Tuesday Blitz"]
[Site "Chess.com"]
[Date "2021.03.30"]
[Round "4"]
[White "FMalexhdez"]
[Black "Larciano"]
[Result "1-0"]
[WhiteElo "2220"]
[BlackElo "1812"]
[TimeControl "180+1"]
[EndTime "10:40:52 PDT"]
[Termination "FMalexhdez won by checkmate"]

1. e4 e5 2. Nf3 Nc6 3. Bc4 Nf6 4. O-O Bc5 5. d3 d6 6. c3 a6 7.
b4 Ba7 8. h3 h6 9. Re1 O-O 10. d4 Qe7 11. d5 Nb8 12. Nbd2 Nh5 13. Nf1 Qf6 14. Be3 Re8 15. Bxa7 Rxa7 16. N1h2 Nd7 17.
Ng4 Qg6 18. Bf1 Ndf6 19. Nh4 Qg5 20. Nxf6+ Nxf6 21. g3 Ra8 22. Qc1 Qxc1 23. Raxc1 b6 24. a4 a5 25. b5 Bd7 26. g4 Nh7 27. Nf3 g6 28. Bg2 Kg7 29. Rf1 Rf8 30. Nd2 f5 31. exf5 gxf5 32. f4 fxg4 33. hxg4 Bxg4 34. fxe5 dxe5 35.
d6 Rac8 36. Nc4 cxd6 37. Nxb6 Rxf1+ 38. Bxf1 Rd8 39. Nd5 Nf6 40. Bg2 Be6 41. c4 Rc8 42. Nxf6 Kxf6 43. b6 Rb8 44. b7 Ke7 45. c5 d5 46. c6 Kd6 47. Bf1 Bf7 48. Ba6 Rg8+ 49. Kh2 Kc7 50. Rf1 Be6 51. Rf6 Re8 52. Rxh6 e4 53. Rh7+ Kb6 54. c7 e3 55. b8=Q+ Rxb8 56. cxb8=Q+ Kc5 57. Rc7+ Kd4 58. Qb2+ Ke4 59. Qc2+ Kf3 60.
Be2+ Kf4 61. Qd3 Bf5 62. Qd4+ Be4 63. Rf7+ Kg5 64. Qxe3+ Kg6 65. Qf4 Bf5 66. Rf6+ Kxf6 67. Bd3 Ke6 68. Qxf5+ Kd6 69. Qf6+ Kc5 70. Qa6 Kb4 71.
Qb6+ Kc3 72. Qb5 Kd2 73. Qxd5 Kc3 74. Bb5 Kb2 75. Qc4 Ka3 76. Bc6 Kb2 77. Bd5 Ka3 78.
Qc3+ Kxa4 79. Qb3# 1-0

[Event "*** Titled Tuesday Blitz"]
[Site "Chess.com"]
[Date "2021.03.30"]
[Round "4"]
[White "IljaJoke"]
[Black "esapunov"]
[Result "0-1"]
[WhiteElo "2508"]
[BlackElo "2733"]
[TimeControl "180+1"]
[EndTime "10:40:54 PDT"]
[Termination "esapunov won on time"]

1. e4 c5 2. Nf3 d6 3. d4 cxd4 4. Nxd4 Nf6 5. Nc3 Nc6 6. Nd5 Nxd5 7. exd5 Qa5+ 8. Bd2 Qxd5 9. Nb5 Qe6+ 10. Be2 Qd7 11.
c4 e6 12. Bf4 e5 13. Be3 Be7 14. O-O O-O 15. Qd2 Rd8 16. Rad1 b6 17. f4 Bb7 18.
Bf3 Na5 19. b3 e4 20. Be2 f5 21. Nc3 Bf6 22. Nd5 Bxd5 23. Qxd5+ Kh8 24. h3 Nc6 25. g4 Ne7 26. Qd2 g6 27. g5 Bg7 28.
h4 d5 29. cxd5 Qxd5 30. Qb4 Qb7 31. Bc4 Nc6 32. Qa4 Nd4 33. Ba6 Nf3+ 34. Kf2 Qe7 35. h5 gxh5 36. Be2 Rac8 37. Rxd8+ Qxd8 38. Bxf3 exf3 39. Qb5 Qf8 40. Kxf3 h4 41. Rh1 Re8 42. Rxh4 Qe7 43. Qd3 Qe6 44. Kf2 Kg8 45. Rh3 b5 46. Rf3 a5 47.
Kg3 b4 48. Bf2 h6 49. Re3 Qf7 50. Rxe8+ Qxe8 51. Qxf5 Qe2 52. gxh6 Bxh6 53. Bd4 Qe1+ 54. Bf2 Qe2 55. Qg6+ Bg7 56. Qg4 Qe4 57. f5 Qd3+ 58.
Qf3 Be5+ 59. Kg2 Qd6 60. Qg4+ Kf8 61. Bg3 Bxg3 62. Qxg3 Qd5+ 63. Qf3 Qd2+ 64. Kg3 Qxa2 65. f6 Qc2 66. Kg4 Qc5 67. Qe4 Kf7 68. Qb7+ Kxf6 69.
Qf3+ Ke6 70. Qf8 Qxf8 71. Kh5 Kd5 0-1

[Event "*** Titled Tuesday Blitz"]
[Site "Chess.com"]
[Date "2021.03.30"]
[Round "4"]
[White "GMKrikor"]
[Black "DrVitman"]
[Result "1-0"]
[WhiteElo "2832"]
[BlackElo "2617"]
[TimeControl "180+1"]
[EndTime "10:40:55 PDT"]
[Termination "GMKrikor won by resignation"]

1. e4 c5 2. Nf3 Nc6 3. Bb5 g6 4. O-O Bg7 5. Re1 e5 6. a3 Nge7 7. b4 d6 8. bxc5 dxc5 9. d3 O-O 10. Bc4 h6 11. Nc3 Kh7 12. Nd5 Be6 13. Ne3 Qd7 14.
Rb1 b6 15. Bd2 f5 16. Bxe6 Qxe6 17. Nc4 f4 18. a4 Rab8 19. Bc3 g5 20. h3 Ng6 21.
Rb5 Bf6 22. Nh2 Bd8 23. Qg4 Qe7 24. Qh5 Kg7 25. Reb1 Bc7 26. Ng4 Rh8 27. a5 Qd8 28.
axb6 axb6 29. Ra1 Ra8 30. Rxa8 Qxa8 31. Rxb6 Bxb6 32. Ngxe5 Ncxe5 33. Nxe5 Nxe5 34. Bxe5+ Kf8 35. Bxh8 Qc6 36. e5 c4 37. Bf6 cxd3 38. Qxh6+ Kf7 39. Qg7+ Ke6 40. Qg8+ Kf5 41. Qh7+ Ke6 42. Qxd3 Qc5 43. Qe2 Qc3 44. Bxg5 f3 45. Qxf3 Qxe5 46. Be3 Bc7 47. g3 Qa1+ 48. Kg2 Qa5 49. Qe4+ Kf7 50. Bf4 Bd8 51. c4 Qb6 52. Qd5+ Ke8 53. c5 Qg6 54. c6 Qg7 55. Qf3 Qf7 56. c7 Bxc7 57. Qa8+ Kd7 58. Qb7 Qc4 59. Qxc7+ Qxc7 60. Bxc7 Kxc7 61.
f4 Kd6 62. g4 Ke6 63. Kg3 Kf6 64. h4 Kg6 65. h5+ Kh6 66. Kh4 Kg7 67. g5 Kh7 68.
Kg4 Kg7 69. f5 Kh7 70. h6 Kg8 71. Kh5 Kf7 72. f6 Kg8 73. Kg6 Kh8 74. Kf7 Kh7 75. g6+ Kxh6 76. g7 Kg5 77. g8=Q+ Kf5 78. Qg6+ Ke5 79.
Kg7 Kd6 80. Qf7 1-0

[Event "*** Titled Tuesday Blitz"]
[Site "Chess.com"]
[Date "2021.03.30"]
[Round "4"]
[White "Agoking701"]
[Black "m-garcett"]
[Result "1/2-1/2"]
[WhiteElo "2316"]
[BlackElo "2124"]
[TimeControl "180+1"]
[EndTime "10:40:56 PDT"]
[Termination "Game drawn by repetition"]

1. d4 Nf6 2. Nf3 g6 3. Bg5 Bg7 4. Nbd2 O-O 5. e4 d6 6. Bd3 Nbd7 7. O-O e5 8. c3 h6 9. Bh4 g5 10. Bg3 Nh5 11. dxe5 dxe5 12. Nc4 Nf4 13. Bxf4 exf4 14. Qe2 Qe7 15. Rfe1 g4 16. Nd4 Ne5 17. Nxe5 Bxe5 18.
Nf5 Qg5 19. f3 h5 20. Rad1 Be6 21. Kh1 Rad8 22. Bc4 Bxf5 23. exf5 Rxd1 24. Qxd1 Qxf5 25. Qd5 Re8 26. Qxb7 Kg7 27. Qd5 Bxc3 28. Rf1 Qxd5 29. Bxd5 Bxb2 30. fxg4 hxg4 31. Bc4 Be5 32. Re1 f6 33. h3 g3 34. Re2 Rb8 35. Bb3 Rd8 36.
Kg1 Bd4+ 37. Kf1 Be3 38. Rb2 Rd6 39. Ke2 a5 40. Kf3 Rd4 41. Rc2 a4 42. Be6 Rd2 43. Rxd2 Bxd2 44. Bc4 Be3 45. Bd5 Bd2 46. Ke4 Be3 47.
Bc4 a3 48. Bb3 Kf8 49. Bc4 Ke7 50. Bb3 Kd6 51. Bc4 Ke7 52. Bb3 c5 53. Bc4 Kf8 54.
Bb3 Kg7 55. Bc4 Kh6 56. Bb3 Kg5 57. Bc4 f5+ 58. Kf3 Bd4 59. Bd3 Be3 60. Bc4 Bd4 61.
Bd3 Kf6 62. Bc4 Be3 63. Bd3 Ke5 64. Bc2 Kd4 65. Bxf5 Ke5 66. Bg6 c4 67. h4 Kf6 68.
h5 Kg5 69. Ke2 Kh6 70. Kf3 c3 71. Ke2 Kg5 72. Kf3 Kh6 73. Ke2 Bc1 74. Kf3 Bd2 75.
Ke2 Be3 76. Kf3 Bc1 77. Ke2 Bd2 78. Kf3 Be3 1/2-1/2

[Event "*** Titled Tuesday Blitz"]
[Site "Chess.com"]
[Date "2021.03.30"]
[Round "4"]
[White "bilelou"]
[Black "Murad_Ibrahimli"]
[Result "0-1"]
[WhiteElo "2566"]
[BlackElo "2822"]
[TimeControl "180+1"]
[EndTime "10:41:02 PDT"]
[Termination "Murad_Ibrahimli won on time"]

1. d4 Nf6 2. c4 g6 3. Nc3 d5 4.
Bf4 Bg7 5. e3 O-O 6. Rc1 c5 7.
dxc5 Be6 8. Nge2 Nc6 9. cxd5 Nxd5 10. Nxd5 Bxd5 11. Nc3 Bxc3+ 12. Rxc3 Bxa2 13. Qxd8 Rfxd8 14. Bb5 Nb4 15. O-O Bd5 16. f3 Bc6 17. Bc4 Rd2 18. Rf2 Rad8 19. e4 Rd1+ 20. Rf1 Rxf1+ 21. Bxf1 Rd1 22.
Rc1 Rd7 23. Kf2 Nd3+ 24. Bxd3 Rxd3 25. Be3 Rb3 26. Rc2 f5 27. exf5 gxf5 28. Bd4 Kf7 29. Re2 Bb5 30. Re5 e6 31. Re3 Rb4 32. Bc3 Rc4 33.
Re5 Bc6 34. h3 h5 35. Re1 Rxc5 36. g4 hxg4 37. hxg4 fxg4 38. fxg4 a5 39. Ke3 a4 40. Bd4 Rb5 41. Rf1+ Kg8 42. Kf4 Rd5 43. Bb6 Rd2 44.
Rf2 Rd5 45. Re2 Kf7 46. g5 Rf5+ 47. Ke3 Rxg5 48. Rf2+ Rf5 49. Rh2 Rf3+ 50. Kd4 Rb3 51. Bc7 Rb5 52. Kc3 Bd5 53. Kd4 Ke7 54. Rh7+ Kf6 55. Be5+ Kg6 56. Rh2 b6 57. Bc7 Rb4+ 58.
Ke5 b5 59. Kd6 Rc4 60. Bb6 b4 61. Be3 Kf5 62. Bh6 Ke4 63. Bg7 Kd3 64. Rh3+ Kc2 65.
Rh2+ Kb3 66. Rh3+ Ka2 67. Rh2 b3 68. Rf2 Rc2 69. Rf1 Rxb2 70. Re1 a3 71. Rd1 Rb1 72. Rd2+ b2 0-1

[Event "*** Titled Tuesday Blitz"]
[Site "Chess.com"]
[Date "2021.03.30"]
[Round "4"]
[White "VladDobrov"]
[Black "Isajevsky_Anton"]
[Result "0-1"]
[WhiteElo "2749"]
[BlackElo "2537"]
[TimeControl "180+1"]
[EndTime "10:41:02 PDT"]
[Termination "Isajevsky_Anton won by resignation"]

1. d4 d5 2. c4 e6 3. Nc3 Be7 4. Nf3 Nf6 5. Bf4 O-O 6. e3 Nbd7 7. a3 a6 8. c5 Nh5 9. Bd3 Nxf4 10.
exf4 g6 11. h4 h5 12. Ne5 Nxe5 13. fxe5 Bxh4 14. g4 Qg5 15. Qe2 hxg4 16. Rxh4 Qxh4 17. O-O-O Kg7 18. Rg1 g3 19. Qf3 gxf2 20. Rh1 Qg5+ 21.
Kc2 Bd7 22. Qxf2 Rh8 23. Rf1 Raf8 24. Kb3 Rh3 25. Bxg6 Qxg6 26. Rg1 Rh6 27. Qf6+ Kg8 28. Rxg6+ Rxg6 29. Qe7 Bc6 30. Qxc7 Rg4 31. Ne2 Re4 32.
Ng3 Re3+ 33. Kb4 Rxg3 34. b3 Kg7 35. Qe7 Rg6 36. Ka5 Rh8 37. a4 Rh3 38. b4 Ra3 39. Kb6 Rxa4 40. Kc7 Rxb4 41. Kd8 Rxd4 42. Qd6 Rf4 43. Ke7 a5 44. Qd8 Kh6 45. Qh8+ Kg5 46. Qh2 a4 47. Qg3+ Kf5 48. Qh3+ Kxe5 49. Qe3+ Kf5 50.
Qh3+ Ke4 51. Kd6 d4 52. Qh1+ Rf3 53. Qe1+ Re3 54. Qh1+ Kd3 55. Qd1+ Kc4 56. Qc1+ Rc3 57. Qf1+ d3 58. Qf4+ Kb3 59. Qd2 Rg4 60. Qd1+ Kb2 61.
Qxg4 d2 62. Qb4+ Kc2 63. Qf4 d1=Q+ 64. Kc7 Qd2 65. Qxf7 Qd5 66. Kb8 Kb3 67. Qe7 a3 68.
Qh4 a2 69. Qe1 Qd3 70. Qf2 Rc2 71. Qe1 Kb2 72. Qe5+ Qc3 73. Qf4 a1=Q 74. Qf2 Rxf2 0-1

[Event "*** Titled Tuesday Blitz"]
[Site "Chess.com"]
[Date "2021.03.30"]
[Round "4"]
[White "c_r_e_e_p_e_r"]
[Black "mamonika"]
[Result "1/2-1/2"]
[WhiteElo "2374"]
[BlackElo "2055"]
[TimeControl "180+1"]
[EndTime "10:41:04 PDT"]
[Termination "Game drawn by stalemate"]

1. d4 Nf6 2. c4 e6 3. Nc3 d5 4. Nf3 c6 5. Bg5 Be7 6. e3 O-O 7. Qc2 dxc4 8. Bxc4 b5 9. Bd3 Nbd7 10. O-O Bb7 11. a3 h6 12. Bf4 c5 13. Nxb5 cxd4 14.
Nbxd4 Rc8 15. Qe2 Qb6 16. Ne5 Nc5 17. Bc4 Nfe4 18. b4 Na4 19. f3 Nec3 20. Qf2 Rfd8 21.
Kh1 Bf6 22. Qg3 Kf8 23. Bb3 Bd5 24. Bc2 Bc4 25. Nxc4 Rxc4 26. Bb3 Rcc8 27. Be5 Bxe5 28. Qxe5 Nb2 29. Qf4 Nd3 30. Qh4 Nd5 31. Rad1 Ne5 32.
Qe4 Ng6 33. h4 Nf6 34. Nxe6+ fxe6 35. Qxg6 Rxd1 36. Rxd1 Qxe3 37. Bc2 Qe2 38. Qd3 Qxd3 39. Bxd3 Rd8 40. Be2 Ke7 41. Rc1 Rd7 42. Bb5 Rb7 43. a4 Nd5 44. Bc6 Rxb4 45. Bxd5 exd5 46. Rc7+ Kd6 47.
Rxa7 g5 48. hxg5 hxg5 49. a5 Ra4 50. Ra8 Kc6 51. Kh2 d4 52. Rd8 Rxa5 53. Rxd4 Rb5 54. Rg4 Kd6 55. Kg3 Ke6 56. Re4+ Kf6 57. Rd4 Ra5 58. Rd8 Kf5 59. Rf8+ Kg6 60. Kg4 Ra4+ 61. Kg3 Rb4 62. Kh3 Ra4 63. g3 Rb4 64. Rg8+ Kf5 65.
Re8 Kg6 66. Re4 Rb3 67. Kg4 Ra3 68. Re6+ Kf7 69. Re5 Kf6 70. Rf5+ Ke6 71. Kxg5 Ra4 72. g4 Ke7 73. f4 Ke6 74. Re5+ Kf7 75. Kf5 Kg7 76.
g5 Kf8 77. Kf6 Rxf4+ 78. Rf5 Rxf5+ 79. Kxf5 Kf7 80. g6+ Kg7 81. Kg5 Kg8 82. Kf6 Kf8 83.
g7+ Kg8 84. Kg6 1/2-1/2

[Event "*** Titled Tuesday Blitz"]
[Site "Chess.com"]
[Date "2021.03.30"]
[Round "4"]
[White "Mamedyarov_twitch"]
[Black "Abund"]
[Result "1-0"]
[WhiteElo "2949"]
[BlackElo "2737"]
[TimeControl "180+1"]
[EndTime "10:41:07 PDT"]
[Termination "Mamedyarov_twitch won by resignation"]

1. e4 c5 2. c3 Nf6 3. e5 Nd5 4.
Bc4 Nb6 5. Bb3 d6 6. Nf3 c4 7. Bc2 dxe5 8. Nxe5 Qd5 9. Qe2 f6 10.
Nf3 Qe6 11. b3 Qxe2+ 12. Kxe2 e5 13. Na3 Be6 14. d4 cxd3+ 15. Bxd3 N8d7 16. c4 O-O-O 17. Nb5 a6 18. Nc3 Be7 19. Be3 Bc5 20. Rad1 Bxe3 21.
Kxe3 Nc5 22. Bc2 g6 23. h3 Kc7 24. g4 Rhe8 25. Rxd8 Kxd8 26. g5 Ke7 27. gxf6+ Kxf6 28. Ne4+ Nxe4 29. Bxe4 Re7 30. h4 Bf5 31. Rd1 Bxe4 32. Kxe4 Rd7 33. Rg1 Rd8 34. h5 Nd7 35. b4 Kf7 36.
hxg6+ hxg6 37. Ke3 Kf6 38. Rd1 Ke7 39. c5 a5 40. a3 axb4 41. axb4 Ra8 42. Ne1 Ra3+ 43. Rd3 Ra2 44. Rd6 Rb2 45. Nd3 Rb3 46. Kd2 Nf6 47.
Nxe5 Ne4+ 48. Kc2 Rc3+ 49. Kb2 Nxd6 50. cxd6+ Kxd6 51. Nf7+ Ke7 52. Kxc3 Kxf7 53. Kd4 Ke6 54. Kc5 Kd7 55. Kb6 Kc8 56. Ka7 Kc7 57. b5 Kc8 58. b6 g5 59. f3 Kd7 60. Kxb7 Ke6 61. Ka7 Kf5 62. b7 Kf4 63. b8=Q+ Kxf3 64. Qf8+ Kg3 65. Qg7 g4 66. Kb6 Kf4 67. Kc5 g3 68.
Kd4 Kf3 69. Qe5 Kf2 70. Qe3+ Kg2 71. Ke4 Kh2 72. Kf3 g2 73. Qf2 1-0